AoeStats
← yangcongze30

MegaRandom

510201876Analyzed
3v3 RM · 1d ago on Sep 29, 2026· 48m 20s· 6 players
Game mode
Random Map
Map size
Normal (6 player)
Population
200
Speed
Normal
Resources
Standard
Victory
Conquest
Starting age
Dark Age
Ending age
Imperial Age
RankedLock teamsTeams togetherTeam positionsShared explorationLock speedFull tech treeHidden civsTurbo modeCheats
Victory
Defeat
🇺🇸 Koreans · United States
1180
+15
🇮🇹 Bulgarians · Italy
1129
+17
🇺🇸 Vietnamese · United States
1060
+20
🇦🇷 Japanese · Argentina
1169
-18
🇦🇷 Tupi · Argentina
1157
-18
🇦🇷 Mongols · Argentina
1113
-16
FainterPrune5
3:43 Loom
14:05 Feudal Age
14:39 Double-Bit Axe
16:21 Horse Collar
17:22 Forging
23:57 Castle Age
22:08 Fletching
24:48 Bodkin Arrow
27:43 Medium Warships
32:06 Elite Skirmisher
34:07 Padded Archer Armor
42:10 Imperial Age
yangcongze30
6:15 Loom
14:02 Feudal Age
14:55 Fishing Lines
15:39 Double-Bit Axe
21:46 Castle Age
22:38 Gold Mining
22:47 Gillnets
23:41 Gambesons
25:29 Scale Mail Armor
25:39 Forging
28:53 Chain Mail Armor
29:13 Iron Casting
29:19 Bow Saw
28:52 Horse Collar
30:34 Wheelbarrow
30:01 Heavy Plow
30:45 Gold Shaft Mining
32:55 Hand Cart
32:49 Squires
32:35 Arson
36:54 Imperial Age
35:46 Fletching
36:47 Stone Mining
38:04 Conscription
39:14 Plate Mail Armor
39:44 Blast Furnace
38:49 Bagains
39:25 Caravan
40:19 Stone Shaft Mining
gaurioles
5:32 Loom
12:19 Feudal Age
14:05 Double-Bit Axe
14:47 Fishing Lines
20:00 Castle Age
18:28 Gold Mining
19:09 Stone Mining
19:35 Fletching
19:37 Horse Collar
20:55 Medium Warships
21:14 Bow Saw
21:47 Bodkin Arrow
22:40 Gillnets
24:38 Wheelbarrow
24:54 Clinker Construction
25:20 Town Watch
29:33 Ballistics
29:58 Hand Cart
31:34 Gold Shaft Mining
31:25 Heavy Plow
36:22 Imperial Age
34:43 Stone Shaft Mining
36:06 Forging
37:13 Iron Casting
38:05 Chemistry
36:31 Elite War Wagon
37:33 Conscription
38:13 Heavy Warships
38:06 Bracer
38:27 Elite Cannon Galleon
42:25 Two-Man Saw
42:06 Treadmill Crane
42:38 Fortified Wall
42:24 Murder Holes
42:39 Masonry
42:13 Capped Ram
43:55 Carvel Hull
44:17 Masonry
44:02 Murder Holes
43:53 Pikeman
44:34 Squires
44:37 Scale Mail Armor
46:00 Chain Mail Armor
45:07 Halberdier
46:45 Siphons
47:02 Shipwright
46:50 Siege Engineers
47:51 Heated Shot
ToroSentado|_|
4:32 Loom
13:28 Feudal Age
13:59 Double-Bit Axe
14:50 Wheelbarrow
15:25 Horse Collar
20:22 Castle Age
20:00 Fletching
21:21 Hand Cart
22:13 Husbandry
23:35 Gold Mining
23:48 Heavy Plow
25:08 Bloodlines
27:11 Thumb Ring
28:01 Stone Mining
29:00 Bodkin Arrow
30:40 Bow Saw
32:08 Elite Skirmisher
34:47 Scale Barding Armor
38:17 Gold Shaft Mining
OcultoElTopo
4:13 Loom
11:26 Feudal Age
12:50 Double-Bit Axe
15:24 Horse Collar
21:15 Castle Age
21:32 Castle Age
20:27 Gold Mining
20:28 Stone Mining
21:57 Fletching
23:52 Medium Warships
23:52 Padded Archer Armor
25:37 Bodkin Arrow
26:34 Forging
27:50 Leather Archer Armor
29:27 Ballistics
30:16 Wheelbarrow
31:07 Heavy Plow
35:32 Imperial Age
34:38 Bow Saw
35:05 Iron Casting
35:55 Elite Blackwood Archer
37:33 Curare
39:38 Scale Mail Armor
39:18 Champi Runner
40:29 Conscription
41:17 Chemistry
41:35 Champi Warrior
44:08 Squires
44:49 Arson
44:32 Elite Ibirapema Warrior
47:27 Capped Ram
Galetheos
5:28 Loom
12:22 Feudal Age
14:03 Double-Bit Axe
17:57 Castle Age
16:33 Gold Mining
17:25 Stone Mining
18:56 Horse Collar
19:28 Bow Saw
21:59 Gold Shaft Mining
21:43 Squires
26:51 Heavy Plow
27:53 Bloodlines
28:38 Wheelbarrow
28:25 Scale Barding Armor
28:26 Husbandry
31:16 Fletching
32:42 Chain Barding Armor
36:16 Imperial Age
35:36 Hand Cart
36:10 Forging
37:51 Iron Casting
36:53 Cavalier
38:02 Bodkin Arrow
37:34 Heavy Scorpion
40:15 Blast Furnace
40:05 Bracer
41:25 Two-Man Saw
41:30 Conscription
Connection lost

Rejoining the realm…

Still unreachable

The connection could not be restored.

Session expired

The server has moved on; the page needs a fresh start.